Cogmind - Beta 12 @@@ ROGUE MODE // 2024.02.02 @ 18:35:45 Player: Dosh Result: Destroyed by as-22792 with Assembled Blade Performance ------------- Evolutions (0) 0 Regions Visited (4) 800 Robots Destroyed (38) 190 Value Destroyed (907) 907 Prototype IDs (1) 20 Alien Tech Used (0) 0 Bonus (120) 120 TOTAL SCORE: 2037 Bonus ------- Follower Combat Kills 120 Cogmind --------- Core Integrity 0/250 Matter 177/300 Energy 93/100 System Corruption 0% Temperature Cool (0) Movement Rolling (125) Ox3 Location -9/Mines Parts ------- > --- POWER (1) -------- (None) > --- PROPULSION (2) --- Wheel > --- UTILITY (2) ------ High-capacity Storage Unit > --- WEAPON (2) ------- (None) > --- INVENTORY (20) --- Compact Wheel Huge Storage Unit Large Battery (200) Experimental Sensor Array Seismic Detector Trap Extractor (4/4 Shock) Decoy Drone Bay Datajack Heavy Explosive Trap Heavy Explosive Trap Heavy Explosive Trap Peak State ------------ > --- POWER ------------ Light Ion Engine > --- PROPULSION ------- Light Treads Light Treads > --- UTILITY ---------- High-capacity Storage Unit Experimental Sensor Array > --- WEAPON ----------- Assault Rifle Light Assault Rifle > --- INVENTORY -------- Light Treads Wheel Compact Wheel Huge Storage Unit Large Battery Seismic Detector Trap Extractor Decoy Drone Bay Grenade Launcher Grenade Launcher Grenade Launcher Datajack Heavy Explosive Trap Heavy Explosive Trap Heavy Explosive Trap [Rating: 17] Favorites ----------- Power Ion Engine Engine Ion Engine Propulsion Light Treads Treads Light Treads Wheel Wheel Utility Seismic Detector Device Seismic Detector Storage High-capacity Storage Unit Processor Transport Network Coupler Weapon Light Assault Rifle Ballistic Gun Light Assault Rifle Launcher Grenade Launcher Special Melee Weapon Datajack Build | -11 -10 -10 -10 -9 ------- Run | Jun Mat Min Exi Min Slots Evolved . | . . . . . Power . | . . . . . Propulsion . | . . . . . Utility . | . . . . . Weapon . | . . . . . Parts Attached 26 | 7 9 3 . 7 Power 3 | 1 . 2 . . Engine 3 | 1 . 2 . . Core . | . . . . . Reactor . | . . . . . Propulsion 7 | 2 2 1 . 2 Treads 6 | 2 2 1 . 1 Leg . | . . . . . Wheel 1 | . . . . 1 Hover . | . . . . . Flight . | . . . . . Utility 8 | 2 4 . . 2 Device 4 | 1 2 . . 1 Storage 3 | 1 2 . . . Processor 1 | . . . . 1 Hackware . | . . . . . Protection . | . . . . . Artifact . | . . . . . Weapon 8 | 2 3 . . 3 Energy Gun . | . . . . . Energy Cannon . | . . . . . Ballistic Gun 4 | 2 2 . . . Ballistic Cannon . | . . . . . Launcher 3 | . . . . 3 Special Weapon . | . . . . . Impact Weapon . | . . . . . Slashing Weapon . | . . . . . Piercing Weapon . | . . . . . Special Melee Weapon 1 | . 1 . . . Unidentified Prototypes 1 | . . . . 1 Parts Lost 12 | . . 3 . 9 Power 3 | . . 2 . 1 Propulsion 4 | . . 1 . 3 Utility . | . . . . . Weapon 5 | . . . . 5 Highest Loss Streak 5 | . . 2 . 5 To Critical Strikes . | . . . . . Average Slot Usage (%) 98 | . 100 99 100 77 Engine 13 | . 14 13 14 4 Treads 27 | . 28 28 28 26 Device 13 | . 14 14 14 5 Storage 14 | . 14 14 14 14 Ballistic Gun 27 | . 27 28 28 17 Naked Turns . | . . . . . Heaviest Build 50 | 14 50 49 47 47 Greatest Support 40 | 40 40 40 40 40 Greatest Overweight (x) 4 | . 1 1 1 4 Average Overweight (x) . | . . 1 1 1 Largest Inventory Capacity 20 | 8 20 20 20 20 Average Capacity 17 | 7 14 20 20 20 Most Carried 17 | 3 14 15 15 17 Average Carried 11 | 2 9 13 15 15 Final Capacity 20 | 8 20 20 20 20 Final Carried 15 | 3 11 15 15 12 Class Distribution -------------------- 61% | Mutant 38% | Trapper-Mutant Dominant Class ---------------- Mutant | -10/Materials Mutant | -10/Mines Trapper-Mutant | -10/Exiles Trapper-Mutant | -9/Mines Resources | -11 -10 -10 -10 -9 ----------- Run | Jun Mat Min Exi Min Matter Collected 827 | 318 346 73 . 90 Remotely . | . . . . . Salvage Created 1127 | 93 696 84 . 254 Parts 62 | 7 45 3 . 7 Haulers Intercepted 2 | . 2 . . . Recyclers Shooed 3 | 1 2 . . . Parts Field Recycled . | . . . . . Retrieved Matter . | . . . . . Parts Self-Destructed . | . . . . . Prevented . | . . . . . Kills | -11 -10 -10 -10 -9 ------- Run | Jun Mat Min Exi Min Combat Hostiles Destroyed 22 | . 14 2 . 6 Guns 18 | . 14 2 . 2 AOE 4 | . . . . 4 Classes Destroyed 12 | 2 6 . . 4 Worker 4 | . 2 . . 2 Builder 1 | . . . . 1 Tunneler 2 | 2 . . . . Hauler 2 | . 2 . . . Recycler 3 | 1 . . . 2 Operator 2 | . 2 . . . Watcher 2 | . 2 . . . Swarmer 3 | . 3 . . . Grunt 15 | . 11 2 . 2 Brawler 1 | . . . . 1 Duelist 1 | . . . . 1 Demolisher 2 | . . . . 2 Best Kill Streak 4 | 3 3 2 . 4 Combat Bots Only 3 | . 3 2 . 2 Max Kills in Single Turn 1 | 1 1 1 . 1 Gunslinging . | . . . . . Exploded 1 | . . . . 1 Melee . | . . . . . Uniques/NPCs Destroyed . | . . . . . Combat | -11 -10 -10 -10 -9 -------- Run | Jun Mat Min Exi Min Damage Taken 1352 | . 416 283 . 653 Core 255 | . 69 26 . 160 Absorbed by Shields . | . . . . . Core Remaining (%) 100 | 100 . . . . Volleys Fired 111 | 12 67 10 . 22 Largest 2 | 2 2 2 . 2 Hottest 50 | 40 40 40 . 50 Shots Fired 213 | 24 134 20 . 35 Gun 196 | 24 134 20 . 18 Cannon . | . . . . . Launcher 17 | . . . . 17 Special . | . . . . . Kinetic 196 | 24 134 20 . 18 Thermal . | . . . . . Explosive 17 | . . . . 17 Electromagnetic . | . . . . . Robot Hit Streak 13 | 13 13 6 . 7 Robot Miss Streak 3 | 2 3 2 . 2 Penetration Max . | . . . . . Secondary Targets . | . . . . . Shots Hit Robots 138 | 16 88 15 . 19 Core Hits 77 | 5 45 7 . 20 Critical Kills . | . . . . . Critical Parts Destroyed . | . . . . . Critical Strikes . | . . . . . Melee Attacks . | . . . . . Impact . | . . . . . Slashing . | . . . . . Piercing . | . . . . . Sneak Attacks . | . . . . . Combat Hostiles . | . . . . . Follow-up Attacks . | . . . . . Damage Inflicted 1844 | 169 944 182 . 549 Guns 1318 | 169 929 152 . 68 Cannons . | . . . . . Explosions 450 | . . . . 450 Melee . | . . . . . Ramming 76 | . 15 30 . 31 Kinetic 1318 | 169 929 152 . 68 Thermal . | . . . . . Explosive 450 | . . . . 450 Electromagnetic . | . . . . . Impact . | . . . . . Slashing . | . . . . . Piercing . | . . . . . Highest Corruption . | . . . . . Average Corruption . | . . . . . Corruption Purged . | . . . . . Corruption Blocked . | . . . . . Overload Shots . | . . . . . Overflow Damage 19 | . . . . 19 Projectiles . | . . . . . Explosions 19 | . . . . 19 Melee . | . . . . . Knockbacks . | . . . . . Impact . | . . . . . Kinetic . | . . . . . Secondary . | . . . . . Self-Inflicted Damage 119 | . . . . 119 Shots 4 | . . . . 4 Rammed 21 | . 10 8 . 3 Targets Rammed 24 | . 11 8 . 5 Kicked . | . . . . . Crushed 3 | . 1 . . 2 Highest Temperature 18 | . 18 18 . 6 Average Temperature 9 | . 9 8 . 6 Received Heat Transfer 384 | . 189 171 . 24 Siege Activations . | . . . . . Robots Corrupted . | . . . . . Combat Hostiles . | . . . . . Parts Fried . | . . . . . Impact Corruptions . | . . . . . Robots Melted . | . . . . . Combat Hostiles . | . . . . . Parts Melted . | . . . . . Heat Transferred . | . . . . . Parts Sabotaged . | . . . . . Parts Stolen . | . . . . . Parts Stripped . | . . . . . Power Chain Reactions . | . . . . . Missiles Intercepted . | . . . . . Alert | -11 -10 -10 -10 -9 ------- Run | Jun Mat Min Exi Min Peak Influence 213 | 15 213 116 . 170 Initial 62 | . 9 62 . . Average 81 | 6 113 43 . 74 Maximum Alert Level 1 | . 1 . . . Low Security (%) 95 | 100 91 100 . 100 Level 1 4 | . 8 . . . Level 2 . | . . . . . Level 3 . | . . . . . Level 4 . | . . . . . Level 5 . | . . . . . High Security . | . . . . . Max Security . | . . . . . Squads Dispatched 4 | . 4 . . . Investigation 3 | . 3 . . . Extermination . | . . . . . Reinforcement 1 | . 1 . . . Assault . | . . . . . Garrison . | . . . . . Intercept . | . . . . . Searches Triggered . | . . . . . Construction Impeded . | . . . . . Haulers Reinforced . | . . . . . Active Scanning Responses . | . . . . . Cargo Convoy Interrupts . | . . . . . Stealth | -11 -10 -10 -10 -9 --------- Run | Jun Mat Min Exi Min Distress Signals 2 | . 2 . . . Communications Jammed . | . . . . . Distress Signals . | . . . . . Times Spotted 43 | . 27 6 . 10 Peak Tracking Total 3 | . 3 2 . 3 Tactical Retreats 2 | . 2 . . . Traps | -11 -10 -10 -10 -9 ------- Run | Jun Mat Min Exi Min Traps Triggered 2 | . 2 . . . Indirectly . | . . . . . Trap Hack Attempts 33 | . 33 . . . Triggered . | . . . . . Disarmed . | . . . . . Reprogrammed 4 | . 4 . . . Reused . | . . . . . Traps Extracted 4 | . 4 . . . Installed . | . . . . . Triggered . | . . . . . Most Traps Carried 7 | . 4 7 7 7 Machines | -11 -10 -10 -10 -9 ---------- Run | Jun Mat Min Exi Min Machines Disabled 3 | . 1 1 . 1 Max in Single Turn 1 | . 1 . . 1 Machines Repaired . | . . . . . Machines Sabotaged . | . . . . . Overloaded Fab Kills . | . . . . . Hacking | -11 -10 -10 -10 -9 --------- Run | Jun Mat Min Exi Min Machines Accessed 13 | . 10 . 2 1 Terminals 7 | . 7 . . . Fabricators . | . . . . . Repair Stations 1 | . 1 . . . Recycling Units 2 | . 2 . . . Scanalyzers . | . . . . . Garrison Access . | . . . . . Total Hacks 31 | . 28 . 2 1 Successful 15 | . 12 . 2 1 Failed 15 | . 15 . . . Catastrophic 2 | . 2 . . . Database Lockouts 1 | . 1 . . . Manual 25 | . 25 . . . Terminals 23 | . 23 . . . Fabricators . | . . . . . Repair Stations 3 | . 3 . . . Recycling Units 2 | . 2 . . . Scanalyzers . | . . . . . Garrison Access . | . . . . . Terminal Hacks 9 | . 6 . 2 1 Record 2 | . . . 2 . Robot Analysis 5 | . 5 . . . Open Door 1 | . . . . 1 Hauler Manifests 1 | . 1 . . . Fabricator Hacks . | . . . . . Repair Station Hacks 1 | . 1 . . . Scan Component 1 | . 1 . . . Recycling Unit Hacks . | . . . . . Scanalyzer . | . . . . . Garrison Access Hacks . | . . . . . Unauthorized Hacks 5 | . 5 . . . Terminals 3 | . 3 . . . Botnet 2 | . 2 . . . Operators 1 | . 1 . . . Fabricators . | . . . . . Repair Stations . | . . . . . Recycling Units 2 | . 2 . . . Tunnel 2 | . 2 . . . Scanalyzers . | . . . . . Garrison Access . | . . . . . Data Cores Recovered 1 | . 1 . . . Used . | . . . . . Hacking Detections 7 | . 7 . . . Full Trace Events 2 | . 2 . . . Feedback Events . | . . . . . Feedback Blocked . | . . . . . Robot Schematics Acquired . | . . . . . Robots Built . | . . . . . Authchips . | . . . . . Time . | . . . . . Total Robot Build Rating . | . . . . . Part Schematics Acquired . | . . . . . Parts Built . | . . . . . Authchips . | . . . . . Time . | . . . . . Total Part Build Rating . | . . . . . Parts Repaired . | . . . . . Time . | . . . . . Parts Recycled . | . . . . . Recycled Matter . | . . . . . Retrieved Matter . | . . . . . Retrieved Components . | . . . . . Parts Scanalyzed . | . . . . . Part Schematics Acquired . | . . . . . Parts Damaged . | . . . . . Bothacking | -11 -10 -10 -10 -9 ------------ Run | Jun Mat Min Exi Min Used RIF Installer . | . . . . . Robots Hacked . | . . . . . Non-combat . | . . . . . Combat . | . . . . . Robot Hacks Applied . | . . . . . Relay Couplers Released . | . . . . . Fabnet Peak Effective % . | . . . . . Robots Rewired . | . . . . . Allies Hacked . | . . . . . Hacks Repelled . | . . . . . Allies | -11 -10 -10 -10 -9 -------- Run | Jun Mat Min Exi Min Total Allies 1 | . . 1 . . Largest Group 1 | . . 1 . . Highest-Rated Group 31 | . . 31 . . Highest-Rated Ally 31 | . . 31 . . Total Orders . | . . . . . Ally Attacks 15 | . . 15 . . Total Damage 192 | . . 192 . . Kills 4 | . . 4 . . Allies Corrupted . | . . . . . Allies Melted . | . . . . . Intel | -11 -10 -10 -10 -9 ------- Run | Jun Mat Min Exi Min Robot Analysis Total 5 | . 5 . . . Derelict Logs Recovered 3 | . . 2 . 1 Drone Launches . | . . . . . Drone Recoveries . | . . . . . Exploration | -11 -10 -10 -10 -9 ------------- Run | Jun Mat Min Exi Min Turns Passed 5444 | 150 2325 1604 975 390 Spaces Moved 2290 | 68 1044 639 407 132 Core 4 | 4 . . . . Treads 2284 | 64 1044 639 407 130 Legs . | . . . . . Wheels 2 | . . . . 2 Hover . | . . . . . Flight . | . . . . . Fastest Speed 50 | 50 160 240 240 140 Average Speed 217 | 153 196 240 240 238 Slowest Speed 240 | 160 240 240 240 240 Overloaded Moves . | . . . . . Propulsion Burnouts . | . . . . . Robots Hopped . | . . . . . Cave-ins Triggered . | . . . . . Exploration Rate (%) 65 | 6 95 99 91 36 Regions Visited 4 Branch Regions 3 Pre-discovered Areas 2 | . 2 . . . Known Exits Taken . | . . . . . Unknown Exits Taken 4 | 1 1 1 1 . Scrap Searched 1 | . . 1 . . Spaces Dug . | . . . . . Terrain Destroyed 88 | . . . . 88 Melee . | . . . . . Projectile . | . . . . . AOE 88 | . . . . 88 Terrain Rammed . | . . . . . Walls Destroyed . | . . . . . Machines Disabled . | . . . . . Actions | -11 -10 -10 -10 -9 --------- Run | Jun Mat Min Exi Min Total 2531 | 89 1187 681 406 168 Wait 30 | . 14 16 . . Move 2286 | 67 1043 638 406 132 Hop . | . . . . . Pick Up 17 | 3 7 6 . 1 Fast Attach 8 | 7 . 1 . . Attach 7 | . . 2 . 5 Detach 1 | . . . . 1 Swap 11 | . 9 . . 2 Drop 3 | . 3 . . . Fire 111 | 12 67 10 . 22 Melee . | . . . . . Ram . | . . . . . Kick . | . . . . . Crush 24 | . 11 8 . 5 Escape Stasis . | . . . . . Rewire . | . . . . . Trap 33 | . 33 . . . Miscellaneous . | . . . . . Route ------- -11/Junkyard -10/Materials (discovered 4 exits: [*Mat x3] / [*Min]) -10/Mines (discovered 3 exits: [*Mat x2] / *Exi) -10/Exiles -9/Mines (discovered 2 exits: [*Mat x2]) History --------- Turn | Location | Event 2 | -11/Junkyard | Discovered new exit (range 16) 151 | -11/Junkyard | Entered Materials 304 | -10/Materials | Build established: Mutant 510 | -10/Materials | Discovered new exit (range 10) 882 | -10/Materials | Discovered new exit (range 12) 966 | -10/Materials | Discovered new exit (range 6) 1110 | -10/Materials | Discovered new exit (range 16) 1618 | -10/Materials | Central database locked down 2476 | -10/Materials | Entered Mines 2520 | -10/Mines | Learned 2 Materials zone layouts 2730 | -10/Mines | YI-UF0 nonchalantly dropped a Grenade Launcher on the ground 2785 | -10/Mines | Received a Mining Laser from a helpful Derelict 2888 | -10/Mines | Found a damaged Exp. Sensor Array with a note attached 2893 | -10/Mines | Found Prototype Device 2968 | -10/Mines | Discovered new exit (range 5) 3065 | -10/Mines | Learned 2 Materials zone layouts 3103 | -10/Mines | Discovered new exit (range 13) 3338 | -10/Mines | Found a hidden stash of uninstalled traps 3392 | -10/Mines | Deemed a non-threat by the Exiles lab entrance 3394 | -10/Mines | Discovered new exit (range 5) 3651 | -10/Mines | Build established: Trapper-Mutant 4080 | -10/Mines | Entered Exiles 4080 | -10/Exiles | Found Exiles lab abandoned 5029 | -10/Exiles | Discovered new exit (range 14) 5055 | -10/Exiles | Entered Mines 5071 | -9/Mines | Found the Drone Emporium 5079 | -9/Mines | Found Prototype Device 5089 | -9/Mines | Identified Exp. Sensor Array 5177 | -9/Mines | Discovered new exit (range 8) 5197 | -9/Mines | Core integrity fell below 50% 5238 | -9/Mines | Discovered new exit (range 8) 5409 | -9/Mines | Assembled infested the area 5414 | -9/Mines | Assisted by a Guerilla fighting off Assembled 5432 | -9/Mines | Core integrity fell below 20% 5445 | -9/Mines | Destroyed by as-22792 with Assembled Blade Last Messages --------------- 05425_ Lgt. Treads destroyed. 05426_ D-53 Grenadier destroyed. 05427_ Lgt. Assault Rifle destroyed. 05428_ The unstable cave ceiling collapses. 05429_ Grenade Launcher destroyed. 05432_ The unstable cave ceiling collapses. 05432_ R-06 Scavenger destroyed. 05433_ U-05 Engineer builds a Wall. 05434_ Destroyed Shock Absorption System. 05436_ The unstable cave ceiling collapses. 05437_ U-05 Engineer lays Concrete. 05438_ The unstable cave ceiling collapses. 05439_ U-05 Engineer builds a Wall. 05440_ The unstable cave ceiling collapses. 05440_ D-53 Grenadier destroyed. 05442_ The unstable cave ceiling collapses. 05443_ U-05 Engineer lays Concrete. 05444_ U-05 Engineer builds a Wall. 05445_ The unstable cave ceiling collapses. 05445_ Grenade Launcher destroyed. Map ----- +----------------------------------------------------+ | ??# ##?????######???????????????????????? | | ??# ##???? #???????????????????????? | | ??# #????< #???????????????????????? | | ??# ## #???? #???????????????????????? | | ?## ### ##???? #???????????????????????? | | ?# ### ##????? ????????????????????????? | | ?# ##????### #?????????????????????????? | | ?# ##????## # #?????????????????????????? | | ?# ######## ##????????????????????????? | | ?## ##???????????????????????? | | ??# ######## #???????????????????????? | | ??## ##??????## #???????????????????????? | | ???######????????# # ##???????????????????????? | | ?????????????????## # #???????????????????????? | | ??????????????????## #???????????????????????? | | ??????????####????## ####???????????????????????? | | ?????????## ##???## #??????????????????????????? | | ?????????# #????# #??????????????????????????? | | ?????????# # ?### ##???###???????????????????? | | ?????????# ## # #u# #?# ???????????????????? | | ????????## ### #=# ## ????????????????????? | | ????????# < # % # #????????????????????? | | ????????# # ###??????????????????? | | ????????# %*% ##?????????????????? | | ????????# ## # # ##????????????????? | | ????????# ### @ # #????????????????? | | ????????# #?## ## a # #????????????????? | | ????????# #??### # #????????????????? | | ????????# #??????# #????????????????? | | ????????# #??????## a #????????????????? | | ????????# #???????##### ##????????????????? | | ????###?# #???????????## ##?????????????????? | | ???###### #????????????#a #??????????????????? | | ???## #???????????? ??????????????????? | | ??### #####???????????? ## #?????????????????? | | ??# # # #????????????# ?## ##?????????????????? | | ??# # #????????????# ???###??????????????????? | | ??# #????????????# ????????????????????????? | | ??# ##????????????#a????????????????????????? | | ?## #?????????????# ????????????????????????? | | ?# = #?????????????##????????????????????????? | | ?# ! # #??????????????????????????????????????? | | ?# #????????????????????????????????????? | | ?# #????????????????????????????????????? | | ?# #????????????????????????????????????? | | ?# " #????????????????????????????????????? | | ?## #????????????????????????????????????? | | ??# #????????????????????????????????????? | | ??##########????????????????????????????????????? | | ????????????????????????????????????????????????? | +----------------------------------------------------+ Best States ------------- Heat Dissipation 25 Energy Generation 10 Energy Capacity 250 Matter Stores 300 Matter Capacity 300 Sight Range 16 Robot Scan Range 20 Terrain Scan Density 10 Evasion (%) 40 Recoil Reduction 2 Trap Extractor Capacity 4 Item Schematics ----------------- None Robot Schematics ------------------ None Fabricated ------------ Nothing Alien Tech Used ----------------- None Achievements -------------- None Challenges ------------ None Game ------ Seed SlugSystemStabilizer Manual? 0 Play Time 00:14:47 Cumulative 155.5 hours Start 2024.02.02 @ 18:21:26 End 2024.02.02 @ 18:35:45 Sessions 1 Manual Loads 0 Difficulty Rogue Special Mode None Game No. 143 Rogue 143 Adventurer 0 Explorer 0 Win Type - Total 2 Types 2/0/0/0/0/0/0/0/0 Lore% 59 Gallery% 67 Achievement% 58 Wizard Run 0 Options --------- ASCII 0 Keyboard 1 Movement Numpad Keybinds 0 Fullscreen 2 Font 18/SmallcapsGlow Map View 76x50 Tactical HUD 1 Map Filters NONE Filters NONE Steam 1 RUN: 9450571e-2379-4577-b43c-70679e72e490